| TOP OF THE 1ST |
|
Port-au-Prince Pirates batting - Pitching for Castries Palmeras : RHP Keith MacWhorter
|
|
Pitching: RHP Keith MacWhorter
|
|
|
Batting: RHB Robert Duran
|
0-0: Called Strike 0-1: Swinging Strike 0-2: Ball 1-2: Ground out 4-3 (Groundball, 4, EV 105.6 MPH)
|
|
Batting: LHB Tim Jordan
|
0-0: Ball 1-0: Ball 2-0: Ball 3-0: Called Strike 3-1: Base on Balls
|
|
Batting: RHB Dennis Tiefenthaler
|
0-0: Ball 1-0: Ball 2-0: Called Strike 2-1: Called Strike 2-2: Ball 3-2: Strikes out swinging
|
|
Batting: LHB John Edmonds
|
0-0: Called Strike 0-1: Called Strike Tim Jordan steals 2nd base 0-2: Foul Ball, location: 2F 0-2: Foul Ball, location: 2F 0-2: Ball 1-2: Fly out, F9 (Line Drive, 9D, EV 95.0 MPH)
|
| Top of the 1st over - 0 runs, 0 hits, 0 errors, 1 left on base; Port-au-Prince 0 - Castries 0 |
| BOTTOM OF THE 1ST |
|
Castries Palmeras batting - Pitching for Port-au-Prince Pirates : RHP Linvel Mosby
|
|
Pitching: RHP Linvel Mosby
|
|
|
Batting: SHB Ignacio Medina
|
0-0: Ball 1-0: Bunt missed! 1-1: Ball 2-1: Fly out, F5 (Popup, 25F, EV 43.1 MPH)
|
|
Batting: LHB Franklin Lopez
|
0-0: Foul Ball, location: 2F 0-1: Ball 1-1: SINGLE (Groundball, 4D, EV 106.3 MPH)
|
|
Batting: RHB Kevin McReynolds
|
0-0: 2-RUN HOME RUN (Flyball, 78XD, EV 101.9 MPH), Distance : 452 ft
|
|
Batting: LHB Dan Logan
|
0-0: Ball 1-0: Foul Ball, location: 2F 1-1: Called Strike 1-2: Ball 2-2: Strikes out swinging
|
|
Batting: RHB Dave Cash
|
0-0: Ball 1-0: Ball 2-0: Swinging Strike 2-1: Swinging Strike 2-2: Ball 3-2: Strikes out looking
|
| Bottom of the 1st over - 2 runs, 2 hits, 0 errors, 0 left on base; Port-au-Prince 0 - Castries 2 |
| TOP OF THE 2ND |
|
Port-au-Prince Pirates batting - Pitching for Castries Palmeras : RHP Keith MacWhorter
|
|
Batting: RHB Ronald Carapezzi
|
0-0: Ball 1-0: Ball 2-0: Called Strike 2-1: Ball 3-1: Base on Balls
|
|
Batting: RHB Byron Peyton
|
0-0: Called Strike 0-1: Ball 1-1: Called Strike 1-2: Strikes out looking
|
|
Batting: RHB Augie Schmidt
|
0-0: Called Strike 0-1: Called Strike 0-2: Strikes out swinging
|
|
Batting: RHB Gerry Melillo
|
0-0: Ball 1-0: Called Strike 1-1: Foul Ball, location: 2F 1-2: Ball 2-2: Foul Ball, location: 2F 2-2: Strikes out swinging
|
| Top of the 2nd over - 0 runs, 0 hits, 0 errors, 1 left on base; Port-au-Prince 0 - Castries 2 |
| BOTTOM OF THE 2ND |
|
Castries Palmeras batting - Pitching for Port-au-Prince Pirates : RHP Linvel Mosby
|
|
Batting: LHB Scott Bradley
|
0-0: Foul Ball, location: 2F 0-1: Fly out, F7 (Flyball, 78S, EV 91.3 MPH)
|
|
Batting: RHB Chuckie Canady
|
0-0: Foul Ball, location: 2F 0-1: Ball 1-1: Called Strike 1-2: Strikes out swinging
|
|
Batting: RHB Rob Teegarden
|
0-0: Ball 1-0: Swinging Strike 1-1: Swinging Strike 1-2: Foul Ball, location: 2F 1-2: SINGLE (Line Drive, 6MD, EV 102.5 MPH)
|
|
Batting: RHB Mike Sharperson
|
0-0: Ball 1-0: Ball 2-0: Fly out, F5 (Popup, 6S, EV 83.8 MPH)
|
| Bottom of the 2nd over - 0 runs, 1 hit, 0 errors, 1 left on base; Port-au-Prince 0 - Castries 2 |
| TOP OF THE 3RD |
|
Port-au-Prince Pirates batting - Pitching for Castries Palmeras : RHP Keith MacWhorter
|
|
Batting: SHB Michael Kennedy
|
0-0: Swinging Strike 0-1: Foul Ball, location: 2F 0-2: Ball 1-2: Ball 2-2: Ball 3-2: Strikes out swinging
|
|
Batting: RHB Robert Duran
|
0-0: Ball 1-0: Ball 2-0: Called Strike 2-1: Fly out, F8 (Flyball, 8RD, EV 96.9 MPH)
|
|
Batting: LHB Tim Jordan
|
0-0: Called Strike 0-1: Foul Ball, location: 2F 0-2: Foul Ball, location: 2F 0-2: SINGLE (Line Drive, 8RS, EV 92.5 MPH)
|
|
Batting: RHB Dennis Tiefenthaler
|
0-0: Called Strike 0-1: Ball 1-1: Ball Tim Jordan steals 2nd base (no throw) 2-1: Ball 3-1: Ground out U3 (Groundball, 3S, EV 72.5 MPH)
|
| Top of the 3rd over - 0 runs, 1 hit, 0 errors, 1 left on base; Port-au-Prince 0 - Castries 2 |
| BOTTOM OF THE 3RD |
|
Castries Palmeras batting - Pitching for Port-au-Prince Pirates : RHP Linvel Mosby
|
|
Batting: SHB Ignacio Medina
|
0-0: Fly out, F8 (Line Drive, 8LD, EV 94.4 MPH)
|
|
Batting: LHB Franklin Lopez
|
0-0: Ball 1-0: Called Strike 1-1: Ball 2-1: Called Strike 2-2: Foul Ball, location: 2F 2-2: Foul Ball, location: 2F 2-2: Strikes out swinging, 2-3 out at first.
|
|
Batting: RHB Kevin McReynolds
|
0-0: Called Strike 0-1: Called Strike 0-2: Ball 1-2: Ball 2-2: SINGLE (Line Drive, 89S, EV 88.8 MPH)
|
|
Batting: LHB Dan Logan
|
0-0: Ball 1-0: Called Strike 1-1: Reached on error, E6 (Groundball, 6M, EV 103.8 MPH) Kevin McReynolds to second
|
|
Batting: RHB Dave Cash
|
0-0: Foul Ball, location: 2F 0-1: Foul Ball, location: 2F 0-2: Ball 1-2: Fly out, F8 (Line Drive, 8RM, EV 90.0 MPH)
|
| Bottom of the 3rd over - 0 runs, 1 hit, 1 error, 2 left on base; Port-au-Prince 0 - Castries 2 |
| TOP OF THE 4TH |
|
Port-au-Prince Pirates batting - Pitching for Castries Palmeras : RHP Keith MacWhorter
|
|
Batting: LHB John Edmonds
|
0-0: Swinging Strike 0-1: Foul Ball, location: 2F 0-2: Foul Ball, location: 2F 0-2: Foul Ball, location: 2F 0-2: Ball 1-2: Strikes out swinging wild pitch, reaches first!
|
|
Batting: RHB Ronald Carapezzi
|
0-0: Foul Ball, location: 2F 0-1: Ball 1-1: Foul Ball, location: 2F 1-2: Ball 2-2: Grounds into double play, 6-4-3 (Groundball, 6, EV 83.8 MPH)
|
|
Batting: RHB Byron Peyton
|
0-0: Called Strike 0-1: Swinging Strike 0-2: Ball 1-2: Ball 2-2: Ground out 5-3 (Groundball, 5, EV 98.8 MPH)
|
| Top of the 4th over - 0 runs, 0 hits, 0 errors, 0 left on base; Port-au-Prince 0 - Castries 2 |
| BOTTOM OF THE 4TH |
|
Castries Palmeras batting - Pitching for Port-au-Prince Pirates : RHP Linvel Mosby
|
|
Batting: LHB Scott Bradley
|
0-0: Ball 1-0: Ground out 4-3 (Groundball, 13, EV 87.5 MPH)
|
|
Batting: RHB Chuckie Canady
|
0-0: Ball 1-0: Called Strike 1-1: Swinging Strike 1-2: Ball 2-2: Ball 3-2: Strikes out swinging
|
|
Batting: RHB Rob Teegarden
|
0-0: Called Strike 0-1: Ball 1-1: Called Strike 1-2: Strikes out looking
|
| Bottom of the 4th over - 0 runs, 0 hits, 0 errors, 0 left on base; Port-au-Prince 0 - Castries 2 |
| TOP OF THE 5TH |
|
Port-au-Prince Pirates batting - Pitching for Castries Palmeras : RHP Keith MacWhorter
|
|
Batting: RHB Augie Schmidt
|
0-0: Ball 1-0: Called Strike 1-1: Called Strike 1-2: SINGLE (Groundball, 34D, EV 103.8 MPH)
|
|
Batting: RHB Gerry Melillo
|
0-0: SINGLE (Groundball, 6MD, EV 108.1 MPH) Augie Schmidt to second Runner from 2nd tries for 3rd, SAFE, throw by CF made to third
|
|
Batting: SHB Michael Kennedy
|
0-0: Ball 1-0: Ball 2-0: Ball 3-0: Called Strike 3-1: Base on Balls Gerry Melillo to second
|
|
Batting: RHB Robert Duran
|
0-0: Ball 1-0: Swinging Strike 1-1: Foul Ball, location: 2F 1-2: Strikes out swinging
|
|
Batting: LHB Tim Jordan
|
0-0: Ground out 4-3 (Groundball, 4M, EV 78.1 MPH) Augie Schmidt scores Gerry Melillo to third Michael Kennedy to second
|
|
Batting: RHB Dennis Tiefenthaler
|
0-0: Foul Ball, location: 2F 0-1: Ball 1-1: Foul Ball, location: 2F 1-2: Ball 2-2: Ball 3-2: Strikes out looking
|
| Top of the 5th over - 1 run, 2 hits, 0 errors, 2 left on base; Port-au-Prince 1 - Castries 2 |
| BOTTOM OF THE 5TH |
|
Castries Palmeras batting - Pitching for Port-au-Prince Pirates : RHP Linvel Mosby
|
|
Batting: RHB Mike Sharperson
|
0-0: Foul Ball, location: 2F 0-1: Ball 1-1: Ball 2-1: Ball 3-1: Foul Ball, location: 2F 3-2: Base on Balls
|
|
Batting: SHB Ignacio Medina
|
0-0: Foul Ball, location: 2F 0-1: Ball 1-1: Ball 2-1: Swinging Strike 2-2: Ball 3-2: Base on Balls Mike Sharperson to second
|
|
Batting: LHB Franklin Lopez
|
Balk! Mike Sharperson to third Ignacio Medina to second 0-0: Ball 1-0: Foul Ball, location: 2F 1-1: Called Strike 1-2: SINGLE (Line Drive, 89S, EV 98.1 MPH) Mike Sharperson scores Ignacio Medina to third Runner from 3rd tries for Home, SAFE, throw by RF to home
|
|
Batting: RHB Kevin McReynolds
|
0-0: Foul Ball, location: 2F 0-1: Ball 1-1: Fly out, F7 (Line Drive, 7D, EV 94.4 MPH)
|
|
Batting: LHB Dan Logan
|
0-0: Called Strike 0-1: Ball 1-1: Foul Ball, location: 2F 1-2: Foul Ball, location: 2F 1-2: Foul Ball, location: 2F 1-2: Foul Ball, location: 2F 1-2: Ball 2-2: Ball 3-2: DOUBLE (Line Drive, 9LS, EV 111.3 MPH) Franklin Lopez to third Franklin Lopez scores
|
|
Pitching: RHP Rafael Camarena
|
|
|
Batting: RHB Dave Cash
|
0-0: Ball 1-0: Foul Ball, location: 2F 1-1: Foul Ball, location: 2F 1-2: Ball 2-2: SINGLE (Groundball, 34D, EV 97.5 MPH) Dan Logan to third Runner from 3rd tries for Home, SAFE, throw by RF to home
|
|
Batting: LHB Scott Bradley
|
0-0: Fly out, F8 (Flyball, 78S, EV 97.5 MPH)
|
|
Batting: RHB Chuckie Canady
|
0-0: Ball 1-0: Foul Ball, location: 2F 1-1: Foul Ball, location: 2F 1-2: Ball 2-2: Ball 3-2: Foul Ball, location: 2F 3-2: Base on Balls Dave Cash to second
|
|
Batting: RHB Rob Teegarden
|
0-0: Ball 1-0: Foul Ball, location: 2F 1-1: Fielders Choice at 2nd, 6-4 (Groundball, 6, EV 81.9 MPH)
|
| Bottom of the 5th over - 4 runs, 3 hits, 0 errors, 2 left on base; Port-au-Prince 1 - Castries 6 |
| TOP OF THE 6TH |
|
Port-au-Prince Pirates batting - Pitching for Castries Palmeras : RHP Keith MacWhorter
|
|
Batting: LHB John Edmonds
|
0-0: Called Strike 0-1: Called Strike 0-2: Strikes out swinging
|
|
Batting: RHB Ronald Carapezzi
|
0-0: Foul Ball, location: 2F 0-1: Called Strike 0-2: Strikes out looking
|
|
Batting: RHB Byron Peyton
|
0-0: Ball 1-0: Foul Ball, location: 2F 1-1: Ball 2-1: Called Strike 2-2: Ball 3-2: Foul Ball, location: 2F 3-2: Base on Balls
|
|
Batting: RHB Augie Schmidt
|
0-0: Ball 1-0: Ball 2-0: Swinging Strike 2-1: Ball 3-1: Ground out 4-3 (Groundball, 4, EV 106.9 MPH)
|
| Top of the 6th over - 0 runs, 0 hits, 0 errors, 1 left on base; Port-au-Prince 1 - Castries 6 |
| BOTTOM OF THE 6TH |
|
Castries Palmeras batting - Pitching for Port-au-Prince Pirates : RHP Rafael Camarena
|
|
Batting: RHB Mike Sharperson
|
0-0: Fly out, F6 (Popup, 6, EV 55.0 MPH)
|
|
Batting: SHB Ignacio Medina
|
0-0: Ball 1-0: Ball 2-0: Ball 3-0: Base on Balls
|
|
Batting: LHB Franklin Lopez
|
0-0: Called Strike Ignacio Medina steals 2nd base (no throw) 0-1: SINGLE (Line Drive, 9S, EV 114.4 MPH) Ignacio Medina to third Runner from 3rd tries for Home, SAFE, throw by RF to home
|
|
Pitching: LHP Thomas Fiesthumel
|
|
|
Batting: RHB Kevin McReynolds
|
0-0: Foul Ball, location: 2F 0-1: Ball 1-1: Ball 2-1: SINGLE (Line Drive, 89M, EV 98.8 MPH) Franklin Lopez to second
|
|
Batting: LHB Dan Logan
|
0-0: Ball 1-0: Foul Ball, location: 2F 1-1: Ball 2-1: Called Strike 2-2: Ball 3-2: Foul Ball, location: 2F 3-2: Strikes out swinging Franklin Lopez is caught stealing 3rd base 2-5 Batter strikes out.
|
| Bottom of the 6th over - 1 run, 2 hits, 0 errors, 1 left on base; Port-au-Prince 1 - Castries 7 |
| TOP OF THE 7TH |
|
Port-au-Prince Pirates batting - Pitching for Castries Palmeras : RHP Keith MacWhorter
|
|
Batting: RHB Gerry Melillo
|
0-0: Ball 1-0: Foul Ball, location: 2F 1-1: Fly out, F7 (Flyball, 7, EV 83.1 MPH)
|
|
Batting: SHB Michael Kennedy
|
0-0: Ball 1-0: SINGLE (Groundball, 56D, EV 99.4 MPH)
|
|
Batting: RHB Robert Duran
|
0-0: Called Strike 0-1: Reached on error, E5 (Groundball, 56, EV 90.0 MPH) Michael Kennedy to second
|
|
Batting: LHB Tim Jordan
|
0-0: Called Strike 0-1: Ball 1-1: Ball 2-1: Fielders Choice at 3rd, U5 (Groundball, 5L, EV 97.5 MPH) Robert Duran to second
|
|
Batting: RHB Dennis Tiefenthaler
|
0-0: Foul Ball, location: 2F 0-1: Ball 1-1: Fielders Choice at 2nd, 5-4 (Groundball, 5, EV 95.0 MPH)
|
| Top of the 7th over - 0 runs, 1 hit, 1 error, 2 left on base; Port-au-Prince 1 - Castries 7 |
| BOTTOM OF THE 7TH |
|
Castries Palmeras batting - Pitching for Port-au-Prince Pirates : LHP Thomas Fiesthumel
|
|
Batting: RHB Dave Cash
|
0-0: Called Strike 0-1: Called Strike 0-2: Ball 1-2: Foul Ball, location: 2F 1-2: Ball 2-2: Foul Ball, location: 2F 2-2: Foul Ball, location: 2F 2-2: Ball 3-2: Foul Ball, location: 2F 3-2: Foul Ball, location: 2F 3-2: Ground out 4-3 (Groundball, 4, EV 78.8 MPH)
|
|
Batting: LHB Scott Bradley
|
0-0: Ball 1-0: SINGLE (Line Drive, 56D, EV 106.3 MPH)
|
|
Batting: RHB Chuckie Canady
|
0-0: DOUBLE (Line Drive, 8LXD, EV 108.1 MPH) Scott Bradley to third Runner from 3rd tries for Home, SAFE, throw by CF to home
|
|
Batting: RHB Rob Teegarden
|
0-0: Swinging Strike 0-1: Swinging Strike 0-2: Ball Wild Pitch! Chuckie Canady to third 1-2: Strikes out swinging
|
|
Batting: RHB Mike Sharperson
|
0-0: Ground out 6-3 (Groundball, 6, EV 106.9 MPH)
|
| Bottom of the 7th over - 1 run, 2 hits, 0 errors, 1 left on base; Port-au-Prince 1 - Castries 8 |
| TOP OF THE 8TH |
|
Port-au-Prince Pirates batting - Pitching for Castries Palmeras : RHP Keith MacWhorter
|
|
Batting: LHB John Edmonds
|
0-0: Called Strike 0-1: Ball 1-1: Fly out, F6 (Popup, 56, EV 66.3 MPH)
|
|
Pinch Hitting: RHB Robert Holden
|
0-0: Ball 1-0: Called Strike 1-1: Ball 2-1: Foul Ball, location: 2F 2-2: Ball 3-2: Strikes out swinging
|
|
Batting: RHB Byron Peyton
|
0-0: Ball 1-0: Ball 2-0: Called Strike 2-1: Swinging Strike 2-2: Reached on error, E6 (Groundball, 6, EV 86.3 MPH)
|
|
Batting: RHB Augie Schmidt
|
0-0: Called Strike 0-1: Ball 1-1: Ball 2-1: Ground out 6-3 (Groundball, 4M, EV 86.3 MPH)
|
| Top of the 8th over - 0 runs, 0 hits, 1 error, 1 left on base; Port-au-Prince 1 - Castries 8 |
| BOTTOM OF THE 8TH |
|
Castries Palmeras batting - Pitching for Port-au-Prince Pirates : LHP Thomas Fiesthumel
|
|
Now at 1B: Brandt Humphry
|
|
|
Batting: SHB Ignacio Medina
|
0-0: Ball 1-0: Foul Ball, location: 2F 1-1: Ground out 6-3 (Groundball, 6, EV 101.9 MPH)
|
|
Batting: LHB Franklin Lopez
|
0-0: Called Strike 0-1: DOUBLE (Line Drive, 9LM, EV 105.6 MPH)
|
|
Batting: RHB Kevin McReynolds
|
0-0: Fly out, F8 (Flyball, 89XD, EV 88.1 MPH) Runner from 2nd tags up, SAFE at 3rd, no throw by CF
|
|
Batting: LHB Dan Logan
|
0-0: Foul Ball, location: 2F 0-1: SINGLE (Groundball, 6D, EV 104.4 MPH) Franklin Lopez scores
|
|
Batting: RHB Dave Cash
|
0-0: Called Strike 0-1: Swinging Strike 0-2: Ball 1-2: Ball 2-2: Ball 3-2: Foul Ball, location: 2F 3-2: Ground out 5-3 (Groundball, 5S, EV 64.4 MPH)
|
| Bottom of the 8th over - 1 run, 2 hits, 0 errors, 1 left on base; Port-au-Prince 1 - Castries 9 |
| TOP OF THE 9TH |
|
Port-au-Prince Pirates batting - Pitching for Castries Palmeras : RHP Keith MacWhorter
|
|
Batting: RHB Gerry Melillo
|
0-0: Foul Ball, location: 2F 0-1: Ball 1-1: Called Strike 1-2: Ball 2-2: Strikes out swinging
|
|
Batting: SHB Michael Kennedy
|
0-0: Ball 1-0: Foul Ball, location: 2F 1-1: Ground out 5-3 (Groundball, 56, EV 85.6 MPH)
|
|
Pitching: RHP Robert Leonard
|
|
|
Batting: RHB Robert Duran
|
0-0: Swinging Strike 0-1: Ball 1-1: Called Strike 1-2: Foul Ball, location: 2F 1-2: Strikes out swinging
|
| Top of the 9th over - 0 runs, 0 hits, 0 errors, 0 left on base; Port-au-Prince 1 - Castries 9 |
|